Map: Winter's Gate LE

Players

BlyOnFire (Bly)

  • Race: Zerg Zerg
  • League: Grandmaster
  • Spawn Location: 11:00

Special - Winner!

  • Race: Terran Terran
  • League: Master
  • Spawn Location: 5:00

Event: HomeStory Cup XX

VOD

Have the link to the VOD?

Description

Time

  • Played on: Nov. 22, 2019, 12:40 p.m.
  • Length: 13:02

All games in this series

Show
View Real Time Build Order
Export as new Build Order

BlyOnFire Zerg 

Build Orders: Pool First, Muta Ling Bane 

Get SALT Encoding   

  12  0:01  Drone  
  13  0:13  Overlord  
  13  0:17  Drone  
  14  0:31  Drone x2  
  16  0:38  Drone  
  17  0:44  Spawning Pool  
  17  0:49  Drone  
  17  0:54  Extractor  
  16  1:00  Drone  
  17  1:16  Hatchery  
  16  1:21  Drone  
  16  1:24  Drone  
  18  1:31  Zergling x2  
  19  1:38  Queen  
  21  1:45  Overlord  
  21  2:06  Roach Warren  
  21  2:07  Drone x2  
  22  2:19  Queen  
  22  2:21  Drone  
  26  2:30  Zergling x2  
  27  2:39  Overlord  
  27  2:47  Roach x2  
  27  2:48  Roach  
  27  2:49  Roach x2  
  35  2:55  Overlord  
  35  3:10  Drone x4  
  39  3:15  Drone  
  40  3:20  Drone  
  40  3:23  Drone  
  40  3:24  Drone x2  
  44  3:28  Overlord  
  44  3:44  Ravager x3  
  44  3:45  Drone x4  
  51  4:00  Drone x5  
  54  4:04  Overlord  
  54  4:12  Ravager  
  54  4:16  Overlord  
  52  4:18  Drone x2  
  52  4:20  Drone  
  52  4:21  Lair  
  52  4:23  Extractor  
  54  4:25  Extractor  
  47  4:36  Drone x2  
  47  4:37  Drone x2  
  45  4:39  Extractor  
  45  4:40  Queen  
  46  4:50  Spore Crawler x2  
  44  4:55  Roach x3  
  44  4:56  Drone x3  
  53  5:04  Drone x3  
  56  5:08  Overlord  
  55  5:19  Overseer  
  55  5:20  Overlord  
  55  5:23  Spire  
  54  5:30  Drone x10  
  64  5:44  Hatchery  
  64  5:48  Overseer  
  63  5:57  Metabolic Boost, Overlord  
  63  6:03  Zergling x8  
  61  6:36  Overlord x2  
  61  6:37  Mutalisk  
  61  6:38  Mutalisk x5  
  73  6:42  Evolution Chamber  
  73  6:43  Evolution Chamber  
  73  6:44  Hatchery  
  73  6:45  Baneling Nest  
  69  6:50  Mutalisk  
  69  6:52  Overseer  
  71  6:54  Drone x6  
  71  7:00  Zerg Flyer Weapons Level 1  
  77  7:02  Drone x5  
  82  7:09  Extractor  
  82  7:10  Spore Crawler, Zerg Ground Armor Level 1  
  82  7:11  Drone  
  82  7:12  Drone x2  
  83  7:18  Zerg Melee Weapons Level 1  
  80  7:24  Drone x4  
  81  7:31  Drone x6  
  87  7:43  Extractor  
  87  7:44  Mutalisk x2  
  86  7:45  Overlord  
  90  7:52  Overlord  
  90  7:53  Overlord  
  90  7:55  Overlord  
  90  7:57  Zergling x4  
  92  8:01  Baneling  
  92  8:02  Baneling x6  
  93  8:05  Zergling x6  
  93  8:07  Hatchery  
  93  8:11  Mutalisk x2  
  98  8:26  Zergling x2  
  98  8:27  Zergling x24  
  94  8:41  Zergling x4  
  94  8:42  Zergling x8  
  94  8:46  Queen x2  
  94  8:47  Zergling x4  
  95  8:58  Centrifical Hooks  
  89  9:12  Mutalisk x6  
  101  9:23  Zerg Ground Armor Level 2  
  101  9:25  Zergling x4  
  103  9:34  Burrow  
  103  9:38  Zergling x12  
  103  9:41  Extractor  
  103  9:44  Extractor  
  105  9:57  Hatchery  
  105  9:58  Queen  
  106  10:16  Zerg Melee Weapons Level 2  
  106  10:17  Zerg Flyer Weapons Level 2  
  106  10:19  Drone x3  
  106  10:20  Drone  
  106  10:21  Drone x2  
  103  10:34  Mutalisk  
  103  10:35  Mutalisk x4  
  107  10:40  Baneling x5  
  106  10:44  Baneling  
  106  10:45  Zergling x8, Baneling x2  
  106  10:46  Zergling x18  
  116  11:02  Zergling x10  
  117  11:05  Hatchery  
  117  11:09  Zergling x6  
  117  11:23  Mutalisk x5  
  117  11:37  Baneling x7  
  117  11:50  Zergling x2  
  117  11:51  Zergling x2  
  117  11:52  Zergling x16  
  127  12:04  Zergling x4, Overlord  
  127  12:06  Extractor  
  83  12:33  Mutalisk x5  
  83  12:35  Zergling x8  
  97  12:43  Zergling x2  
  97  12:44  Extractor  
  97  12:45  Hatchery, Baneling x4  
Show
View Real Time Build Order
Export as new Build Order

Special Terran - Winner!

Build Orders: Reaper Expand, Banshee Rush 

Get SALT Encoding   

  12  0:00  SCV  
  13  0:12  SCV  
  14  0:16  Supply Depot  
  14  0:24  SCV  
  15  0:38  SCV  
  15  0:40  Barracks  
  16  0:43  Refinery  
  16  0:50  SCV  
  17  1:02  SCV  
  18  1:14  SCV  
  19  1:27  Orbital Command, Reaper  
  20  1:39  Command Center  
  20  1:50  Supply Depot  
  20  1:53  SCV  
  21  1:59  Marine  
  22  2:06  Factory  
  22  2:07  SCV  
  23  2:15  Refinery  
  23  2:19  SCV  
  23  2:20  Barracks Reactor  
  24  2:32  SCV  
  25  2:37  Bunker  
  25  2:44  SCV  
  26  2:50  Starport  
  26  2:51  Orbital Command  
  26  2:56  SCV  
  27  3:03  Hellion x2  
  27  3:05  Barracks Tech Lab  
  31  3:10  SCV  
  31  3:16  SCV  
  32  3:25  Hellion x2  
  36  3:32  Banshee  
  36  3:33  SCV  
  36  3:34  SCV  
  41  3:36  Marine  
  41  3:38  Cloaking Field  
  42  3:44  Supply Depot  
  42  3:51  Widow Mine x2  
  46  3:57  Marine  
  46  3:58  SCV  
  46  4:05  SCV  
  47  4:15  Marine  
  47  4:16  Banshee  
  46  4:24  SCV  
  46  4:33  SCV  
  46  4:36  SCV  
  46  4:37  Barracks Tech Lab  
  48  4:45  SCV  
  48  4:47  Command Center  
  48  4:48  SCV  
  48  4:49  Factory Reactor  
  49  4:55  Bunker  
  49  4:56  Marine  
  49  4:57  SCV  
  49  4:58  Supply Depot, Stimpack  
  51  5:02  SCV  
  51  5:05  Starport Reactor  
  52  5:09  SCV  
  53  5:14  Marine  
  53  5:20  Supply Depot  
  54  5:22  Barracks  
  54  5:28  SCV x2  
  54  5:30  Barracks  
  54  5:32  Marauder  
  56  5:39  Siege Tank  
  56  5:40  SCV  
  56  5:41  Supply Depot  
  60  5:45  SCV  
  61  5:52  SCV  
  61  5:55  Marauder  
  64  5:57  Starport Reactor, SCV  
  65  6:04  SCV  
  65  6:06  Orbital Command  
  65  6:09  SCV  
  66  6:14  Engineering Bay, Siege Tank  
  66  6:15  Engineering Bay  
  66  6:17  SCV  
  66  6:19  Marine x2  
  66  6:22  SCV  
  69  6:27  Supply Depot  
  69  6:29  SCV  
  69  6:30  Marine x3  
  69  6:31  Barracks  
  73  6:34  Barracks, SCV x2  
  73  6:36  Medivac  
  73  6:37  Medivac  
  79  6:42  Refinery x2, Missile Turret  
  79  6:44  Marine x2  
  81  6:50  Missile Turret  
  81  6:53  Combat Shield  
  82  6:54  SCV x2  
  82  6:55  SCV  
  82  6:59  Marine x3  
  87  7:01  Marine  
  87  7:05  Missile Turret  
  87  7:08  Marine  
  89  7:12  Orbital Command, SCV x2  
  91  7:17  Marine x3, Medivac x2  
  98  7:24  SCV  
  98  7:26  SCV  
  97  7:31  Terran Infantry Weapons Level 1  
  97  7:36  SCV, Terran Infantry Armor Level 1  
  95  7:38  SCV  
  95  7:39  Marine, Missile Turret, SCV  
  95  7:40  Marine x2, Barracks Reactor  
  95  7:41  Barracks Reactor  
  100  7:46  Marine  
  101  7:53  Supply Depot  
  101  7:58  Marine x3, SCV x3  
  107  8:00  Marine  
  107  8:04  Marine  
  109  8:15  Medivac x2, Siege Tank, SCV x2  
  117  8:29  Supply Depot  
  117  8:30  Factory  
  117  8:31  Supply Depot  
  117  8:32  Refinery  
  117  8:33  Supply Depot, SCV  
  117  8:35  Marine x2  
  117  8:36  Marine, SCV x2  
  117  8:37  Marine  
  117  8:39  Marine  
  111  8:45  Medivac x2, SCV  
  111  8:47  Marine  
  111  8:48  Marine x3, Supply Depot, SCV  
  115  8:53  Marine  
  104  8:57  Marine x2  
  104  8:59  Marine, Refinery  
  107  9:07  Marine  
  107  9:09  Marine x4  
  101  9:11  Marine, Siege Tank  
  101  9:14  Missile Turret  
  101  9:15  Marine  
  100  9:18  Marine x2  
  100  9:21  Factory Reactor  
  100  9:23  SCV x2  
  104  9:25  Marine  
  104  9:27  Marine x4  
  104  9:28  Armory  
  109  9:31  Marine  
  109  9:34  Marine  
  109  9:36  Marine x2  
  113  9:38  Command Center  
  113  9:41  SCV  
  113  9:43  Marine, Supply Depot, Siege Tank  
  113  9:45  Marine x2  
  119  9:46  Marine x2  
  119  9:49  Marine  
  119  9:52  Marine  
  124  9:53  Marine  
  124  9:54  Marine, Sensor Tower  
  124  9:55  Supply Depot  
  124  9:56  Medivac  
  124  9:57  Medivac  
  130  10:01  Marine, Widow Mine  
  130  10:02  Widow Mine, Marine  
  130  10:03  Marine  
  130  10:04  Marine x2  
  138  10:07  Marine  
  138  10:10  Marine  
  138  10:11  Marine x2  
  138  10:12  SCV  
  142  10:16  Terran Infantry Weapons Level 2, Terran Infantry Armor Level 2  
  142  10:18  Marine  
  142  10:20  Marine  
  142  10:21  Marine, Missile Turret  
  144  10:22  Marine x2  
  144  10:25  Marine  
  144  10:26  Medivac  
  144  10:28  Marine  
  150  10:29  Marine x2  
  150  10:34  Widow Mine x2  
  150  10:36  Marine  
  150  10:38  Marine  
  150  10:39  Marine, Medivac  
  150  10:40  Marine x2  
  156  10:43  Marine  
  156  10:45  Marine  
  156  10:47  Marine x2  
  158  10:54  Marine  
  158  10:55  Widow Mine  
  158  10:56  Widow Mine, Marine x2  
  163  10:57  Marine  
  163  10:58  Marine  
  163  11:00  Marine  
  163  11:03  Marine  
  167  11:05  Marine x2  
  167  11:06  SCV  
  167  11:08  Medivac  
  172  11:12  Marine  
  172  11:14  Marine x2  
  172  11:15  Marine x2  
  177  11:23  Widow Mine x2  
  177  11:24  Marine  
  177  11:25  Marine  
  180  11:26  Thor  
  180  11:31  Barracks  
  180  11:32  Planetary Fortress, Barracks  
  172  11:33  Barracks  
  172  11:34  Missile Turret  
  172  11:37  Marine x3, Marauder  
  177  11:41  Drilling Claws  
  177  11:42  Marine  
  177  11:43  Marine x2  
  180  11:59  Missile Turret  
  180  12:00  Missile Turret  
  180  12:02  Supply Depot  
  180  12:04  Marine x3, Marauder  
  187  12:08  Widow Mine  
  187  12:12  Widow Mine  
  187  12:16  Medivac  
  187  12:19  Medivac  
  187  12:22  Marine  
  166  12:23  Marine  
  166  12:24  Marine x2  
  166  12:26  Widow Mine, Marine x2  
  147  12:30  Widow Mine, Marine x2  
  147  12:31  Marine  
  147  12:32  Barracks Tech Lab x2  
  144  12:43  Marine  
Tags
 
Add a new tag
Caveats
  • Supply blocks, unpowered buildings, or Contaminate may cause inaccurate times.
  • Supply counts are checked every 10 seconds.